3L
ATHLETIC CLUB KC @ PANAMA CITY PIRANHAS
06/23/2042
 
TOP OF THE 1ST
Athletic Club KC batting - Pitching for Panama City Piranhas : RHP Jaganmani Vivek
Pitching: RHP Jaganmani Vivek
Batting: SHB Mike Ríos 0-0: Ball
1-0: Ball
2-0: Called Strike
2-1: Foul Ball, location: 2F
2-2: Foul Ball, location: 2F
2-2: Ball
3-2: Fly out, F5 (Popup, 5SF, EV 66.9 MPH)
Batting: LHB Cisco Hernández 0-0: Ball
1-0: Ball
2-0: Called Strike
2-1: Foul Ball, location: 2F
2-2: Ball
3-2: Foul Ball, location: 2F
3-2: Base on Balls
Batting: RHB Jimbob Ghostkeeper 0-0: Called Strike
0-1: Swinging Strike
0-2: Ball
1-2: Ball
2-2: Strikes out swinging
Batting: RHB Ali Ben Bongo 0-0: Foul Ball, location: 2F
0-1: Ball
Cisco Hernández steals 2nd base
1-1: Ball
2-1: Ball
3-1: Swinging Strike
3-2: Base on Balls
Batting: LHB Rafael Padilla 0-0: Ground out U3 (Groundball, 3L, EV 82.5 MPH)
Top of the 1st over - 0 runs, 0 hits, 0 errors, 2 left on base; Athletic Club KC 0 - Panama City 0
BOTTOM OF THE 1ST
Panama City Piranhas batting - Pitching for Athletic Club KC : LHP Donat Karczmarek
Pitching: LHP Donat Karczmarek
Batting: RHB Kieran Hansen 0-0: Foul Ball, location: 2F
0-1: Called Strike
0-2: Ball
1-2: Ground out 4-3 (Groundball, 34, EV 81.9 MPH)
Batting: LHB Oasiz Wiesblatt 0-0: Ball
1-0: Fly out, F5 (Popup, 5, EV 71.2 MPH)
Batting: RHB Cleveland Kraut 0-0: Ball
1-0: Ball
2-0: Called Strike
2-1: SINGLE (Line Drive, 4MD, EV 95.6 MPH)
Batting: RHB Blaze Alexander 0-0: Foul Ball, location: 2F
0-1: Ball
1-1: Foul Ball, location: 2F
1-2: 2-RUN HOME RUN (Flyball, 7D, EV 103.8 MPH), Distance : 364 ft
Batting: RHB Silvian Burger 0-0: Ball
1-0: Foul Ball, location: 2F
1-1: Ground out 4-3 (Groundball, 4, EV 102.5 MPH)
Bottom of the 1st over - 2 runs, 2 hits, 0 errors, 0 left on base; Athletic Club KC 0 - Panama City 2
TOP OF THE 2ND
Athletic Club KC batting - Pitching for Panama City Piranhas : RHP Jaganmani Vivek
Batting: RHB Fortunato Rasquinha 0-0: Ball
1-0: Called Strike
1-1: Ball
2-1: Fly out, F7 (Flyball, 7D, EV 98.8 MPH)
Batting: RHB Scott Dourque 0-0: Called Strike
0-1: Called Strike
0-2: Ball
1-2: Strikes out looking
Batting: RHB James Hemwick 0-0: Ball
1-0: Called Strike
1-1: Ground out 6-3 (Groundball, 6, EV 103.1 MPH)
Top of the 2nd over - 0 runs, 0 hits, 0 errors, 0 left on base; Athletic Club KC 0 - Panama City 2
BOTTOM OF THE 2ND
Panama City Piranhas batting - Pitching for Athletic Club KC : LHP Donat Karczmarek
Batting: LHB Hugh Hill 0-0: SINGLE (Groundball, 6MD, EV 97.5 MPH)
Batting: RHB William Penn 0-0: Swinging Strike
0-1: SINGLE (Groundball, 34, EV 78.8 MPH) (infield hit)
Hugh Hill to second
Batting: RHB Carsello Scruggins 0-0: Foul Ball, location: 2F
0-1: Foul Ball, location: 2F
0-2: DOUBLE (Line Drive, 7LM, EV 105.0 MPH)
Hugh Hill scores
William Penn to third
Batting: RHB Luke Thornton 0-0: Foul Ball, location: 2F
0-1: Fly out, F4 (Flyball, 34D, EV 87.5 MPH)
Batting: RHB Kieran Hansen 0-0: Ground out 4-3 (Groundball, 34, EV 105.0 MPH)
William Penn scores
Carsello Scruggins to third
Batting: LHB Oasiz Wiesblatt 0-0: SINGLE (Line Drive, 7S, EV 91.2 MPH)
Carsello Scruggins scores
Batting: RHB Cleveland Kraut 0-0: SINGLE (Line Drive, 8LS, EV 86.2 MPH)
Oasiz Wiesblatt to second
Runner from 2nd tries for 3rd, SAFE, throw by CF made to third
Batting: RHB Blaze Alexander 0-0: Foul Ball, location: 2F
0-1: Ball
Wild Pitch!
Oasiz Wiesblatt scores
Cleveland Kraut to second
1-1: Fly out, F3 (Popup, 23F, EV 80.0 MPH)
Bottom of the 2nd over - 4 runs, 5 hits, 0 errors, 1 left on base; Athletic Club KC 0 - Panama City 6
TOP OF THE 3RD
Athletic Club KC batting - Pitching for Panama City Piranhas : RHP Jaganmani Vivek
Batting: RHB Karel van Capelle 0-0: Ball
1-0: Called Strike
1-1: Ball
2-1: Called Strike
2-2: Ball
3-2: SINGLE (Flyball, 78S, EV 98.1 MPH)
Batting: SHB Mike Ríos 0-0: Ball
1-0: Ball
2-0: Called Strike
2-1: Foul Ball, location: 2F
2-2: Strikes out swinging
Batting: LHB Cisco Hernández 0-0: Ball
1-0: Swinging Strike
1-1: Ball
2-1: Ball
3-1: Foul Ball, location: 2F
3-2: Foul Ball, location: 2F
3-2: Grounds into double play, 4-6-3 (Groundball, 4, EV 104.4 MPH)
Top of the 3rd over - 0 runs, 1 hit, 0 errors, 0 left on base; Athletic Club KC 0 - Panama City 6
BOTTOM OF THE 3RD
Panama City Piranhas batting - Pitching for Athletic Club KC : LHP Donat Karczmarek
Batting: RHB Silvian Burger 0-0: SINGLE (Line Drive, 4M, EV 99.4 MPH)
Pitching: LHP Marcos Tejedor
Batting: LHB Hugh Hill 0-0: Called Strike
0-1: Ball
1-1: Ball
2-1: Foul Ball, location: 2F
2-2: Fielders Choice at 2nd, 1-4 (Groundball, 15S, EV 64.4 MPH)
Batting: RHB William Penn 0-0: Ball
1-0: Foul Ball, location: 2F
1-1: Foul Ball, location: 2F
1-2: Foul Ball, location: 2F
1-2: Ball
2-2: Foul Ball, location: 2F
2-2: Fielders Choice at 2nd, 1-4 (Groundball, 15S, EV 68.8 MPH)
Batting: RHB Carsello Scruggins 0-0: Ball
1-0: Ball
2-0: Ball
3-0: Base on Balls
William Penn to second
Batting: RHB Luke Thornton 0-0: Ball
1-0: Ball
2-0: Ball
3-0: Base on Balls
William Penn to third
Carsello Scruggins to second
Batting: RHB Kieran Hansen 0-0: Foul Ball, location: 2F
0-1: Ball
1-1: Ball
2-1: Ball
3-1: Ground out 3-1 (Groundball, 34, EV 98.8 MPH)
Bottom of the 3rd over - 0 runs, 1 hit, 0 errors, 3 left on base; Athletic Club KC 0 - Panama City 6
TOP OF THE 4TH
Athletic Club KC batting - Pitching for Panama City Piranhas : RHP Jaganmani Vivek
Batting: RHB Jimbob Ghostkeeper 0-0: Ball
1-0: Ball
2-0: Foul Ball, location: 2F
2-1: Ground out 3-1 (Groundball, 34S, EV 83.8 MPH)
Batting: RHB Ali Ben Bongo 0-0: Foul Ball, location: 2F
0-1: Ball
1-1: Called Strike
1-2: Ball
2-2: Ground out 3-1 (Groundball, 34, EV 99.4 MPH)
Batting: LHB Rafael Padilla 0-0: Fly out, F5 (Popup, 56, EV 54.4 MPH)
Top of the 4th over - 0 runs, 0 hits, 0 errors, 0 left on base; Athletic Club KC 0 - Panama City 6
BOTTOM OF THE 4TH
Panama City Piranhas batting - Pitching for Athletic Club KC : LHP Marcos Tejedor
Batting: LHB Oasiz Wiesblatt 0-0: Swinging Strike
0-1: Called Strike
0-2: Strikes out swinging
Batting: RHB Cleveland Kraut 0-0: Ball
1-0: Foul Ball, location: 2F
1-1: Ball
2-1: Called Strike
2-2: Foul Ball, location: 2F
2-2: SINGLE (Groundball, 56D, EV 99.4 MPH)
Batting: RHB Blaze Alexander 0-0: SINGLE (Groundball, 56S, EV 62.5 MPH) (infield hit)
Cleveland Kraut to second
Batting: RHB Silvian Burger 0-0: Ball
1-0: Foul Ball, location: 2F
1-1: Foul Ball, location: 2F
1-2: Ball
2-2: Ball
3-2: Grounds into double play, 5-4-3 (Groundball, 56S, EV 86.2 MPH)
Bottom of the 4th over - 0 runs, 2 hits, 0 errors, 1 left on base; Athletic Club KC 0 - Panama City 6
TOP OF THE 5TH
Athletic Club KC batting - Pitching for Panama City Piranhas : RHP Jaganmani Vivek
Batting: RHB Fortunato Rasquinha 0-0: Called Strike
0-1: Ground out 6-3 (Groundball, 6M, EV 81.9 MPH)
Batting: RHB Scott Dourque 0-0: Called Strike
0-1: Swinging Strike
0-2: Foul Ball, location: 2F
0-2: Strikes out looking
Batting: RHB James Hemwick 0-0: Ball
1-0: Called Strike
1-1: Ball
2-1: DOUBLE (Groundball, 5L, EV 93.8 MPH)
Batting: RHB Karel van Capelle 0-0: Ball
1-0: SINGLE (Groundball, 34D, EV 109.4 MPH)
James Hemwick to third
Runner from 3rd tries for Home, SAFE, no throw by RF
Batting: SHB Mike Ríos 0-0: Ball
1-0: Called Strike
Karel van Capelle steals 2nd base
1-1: Ball
2-1: Called Strike
2-2: Foul Ball, location: 2F
2-2: Ball
3-2: Ground out 4-3 (Groundball, 4, EV 101.9 MPH)
Top of the 5th over - 1 run, 2 hits, 0 errors, 1 left on base; Athletic Club KC 1 - Panama City 6
BOTTOM OF THE 5TH
Panama City Piranhas batting - Pitching for Athletic Club KC : LHP Marcos Tejedor
Batting: LHB Hugh Hill 0-0: Ball
1-0: Called Strike
1-1: Foul Ball, location: 2F
1-2: Fly out, F6 (Popup, P, EV 80.6 MPH)
Batting: RHB William Penn 0-0: Fly out, F9 (Flyball, 9S, EV 83.1 MPH)
Batting: RHB Carsello Scruggins 0-0: Ball
1-0: Fly out, F8 (Flyball, 8LM, EV 87.5 MPH)
Bottom of the 5th over - 0 runs, 0 hits, 0 errors, 0 left on base; Athletic Club KC 1 - Panama City 6
TOP OF THE 6TH
Athletic Club KC batting - Pitching for Panama City Piranhas : RHP Jaganmani Vivek
Batting: LHB Cisco Hernández 0-0: Ground out 1-3 (Groundball, 13S, EV 68.1 MPH)
Batting: RHB Jimbob Ghostkeeper 0-0: Called Strike
0-1: Foul Ball, location: 2F
0-2: Ball
1-2: Foul Ball, location: 2F
1-2: Foul Ball, location: 2F
1-2: Foul Ball, location: 2F
1-2: Ball
2-2: SOLO HOME RUN (Flyball, 78XD, EV 98.1 MPH), Distance : 417 ft
Batting: RHB Ali Ben Bongo 0-0: Ball
1-0: Foul Ball, location: 2F
1-1: Swinging Strike
1-2: Foul Ball, location: 2F
1-2: Foul Ball, location: 2F
1-2: SINGLE (Groundball, 23, EV 65.6 MPH) (infield hit)
Pitching: LHP Ramón Barrueco
Batting: LHB Rafael Padilla 0-0: Ball
1-0: Foul Ball, location: 2F
1-1: Foul Ball, location: 2F
1-2: Ball
2-2: Foul Ball, location: 2F
2-2: Strikes out swinging
Batting: RHB Fortunato Rasquinha 0-0: Ball
1-0: Ball
2-0: Foul Ball, location: 2F
2-1: Fielders Choice at 2nd, 5-4 (Groundball, 5L, EV 105.6 MPH)
Top of the 6th over - 1 run, 2 hits, 0 errors, 1 left on base; Athletic Club KC 2 - Panama City 6
BOTTOM OF THE 6TH
Panama City Piranhas batting - Pitching for Athletic Club KC : LHP Marcos Tejedor
Batting: RHB Luke Thornton 0-0: Ball
1-0: Ball
2-0: Ball
3-0: Called Strike
3-1: Swinging Strike
3-2: Foul Ball, location: 2F
3-2: Foul Ball, location: 2F
3-2: Strikes out swinging
Batting: RHB Kieran Hansen 0-0: Ball
1-0: Ball
2-0: Ball
3-0: Called Strike
3-1: Swinging Strike
3-2: SINGLE (Groundball, 34D, EV 101.9 MPH)
Pitching: RHP Ray McKendrick
Batting: LHB Oasiz Wiesblatt 0-0: Ball
1-0: Called Strike
1-1: Called Strike
1-2: Strikes out swinging
Batting: RHB Cleveland Kraut 0-0: Ball
1-0: Called Strike
1-1: Called Strike
1-2: Ball
2-2: Ball
3-2: Foul Ball, location: 2F
3-2: Foul Ball, location: 2F
3-2: Base on Balls
Kieran Hansen to second
Batting: RHB Blaze Alexander 0-0: Called Strike
0-1: Ball
1-1: Fly out, F9 (Line Drive, 9, EV 88.1 MPH)
Bottom of the 6th over - 0 runs, 1 hit, 0 errors, 2 left on base; Athletic Club KC 2 - Panama City 6
TOP OF THE 7TH
Athletic Club KC batting - Pitching for Panama City Piranhas : LHP Ramón Barrueco
Batting: RHB Scott Dourque 0-0: Foul Ball, location: 2F
0-1: Foul Ball, location: 2F
0-2: Foul Ball, location: 2F
0-2: Strikes out swinging
Batting: RHB James Hemwick 0-0: Ball
1-0: Called Strike
1-1: Ground out 5-3 (Groundball, 5, EV 86.9 MPH)
Batting: RHB Karel van Capelle 0-0: Ball
1-0: Swinging Strike
1-1: Ball
2-1: Foul Ball, location: 2F
2-2: Ball
3-2: SINGLE (Line Drive, 9LS, EV 97.5 MPH)
Batting: SHB Mike Ríos 0-0: Ball
1-0: Foul Ball, location: 2F
Pickoff Throw to First - Error! E1
Karel van Capelle to second
1-1: Ball
2-1: Foul Ball, location: 2F
2-2: Foul Ball, location: 2F
2-2: Ball
3-2: Strikes out looking
Top of the 7th over - 0 runs, 1 hit, 1 error, 1 left on base; Athletic Club KC 2 - Panama City 6
BOTTOM OF THE 7TH
Panama City Piranhas batting - Pitching for Athletic Club KC : RHP Ray McKendrick
Batting: RHB Silvian Burger 0-0: Ball
1-0: SINGLE (Line Drive, 89S, EV 103.8 MPH)
Batting: LHB Hugh Hill 0-0: Foul Ball, location: 2F
0-1: Ball
1-1: Swinging Strike
1-2: Foul Ball, location: 2F
1-2: Foul Ball, location: 2F
1-2: Ball
2-2: Fly out, F5 (Popup, 5F, EV 76.9 MPH)
Batting: RHB William Penn 0-0: Fly out, F7 (Flyball, 78S, EV 91.9 MPH)
Batting: RHB Carsello Scruggins 0-0: Ball
Wild Pitch!
Silvian Burger to second
1-0: Foul Ball, location: 2F
1-1: Ball
2-1: Foul Ball, location: 2F
2-2: Ball
3-2: Foul Ball, location: 2F
3-2: Base on Balls
Batting: RHB Luke Thornton 0-0: Ball
1-0: DOUBLE (Line Drive, 7LS, EV 111.9 MPH)
Silvian Burger scores
Carsello Scruggins to third
Runner from 3rd tries for Home, SAFE, throw by LF to home
Batting: RHB Kieran Hansen 0-0: Ball
1-0: Foul Ball, location: 2F
1-1: SINGLE (Line Drive, 9S, EV 93.1 MPH)
Luke Thornton to third
Batting: LHB Oasiz Wiesblatt 0-0: Called Strike
0-1: Foul Ball, location: 2F
0-2: Ball
1-2: SINGLE (Groundball, 6D, EV 95.0 MPH)
Luke Thornton scores
Kieran Hansen to second
Batting: RHB Cleveland Kraut 0-0: Foul Ball, location: 2F
0-1: Ball
1-1: Swinging Strike
1-2: Strikes out swinging
Bottom of the 7th over - 3 runs, 4 hits, 0 errors, 2 left on base; Athletic Club KC 2 - Panama City 9
TOP OF THE 8TH
Athletic Club KC batting - Pitching for Panama City Piranhas : LHP Ramón Barrueco
Pinch Hitting: RHB Shigetoki Numata 0-0: Swinging Strike
0-1: Ground out 4-3 (Groundball, 4, EV 107.5 MPH)
Batting: RHB Jimbob Ghostkeeper 0-0: Called Strike
0-1: Ball
1-1: Reached on error, E5 (Groundball, 56, EV 109.4 MPH)
Batting: RHB Ali Ben Bongo 0-0: Ball
1-0: Called Strike
1-1: Ball
2-1: Ball
3-1: SINGLE (Groundball, 6D, EV 99.4 MPH)
Jimbob Ghostkeeper to second
Batting: LHB Rafael Padilla 0-0: Ball
1-0: Ball
2-0: Called Strike
2-1: SINGLE (Flyball, 7LS, EV 89.4 MPH)
Jimbob Ghostkeeper to third
Ali Ben Bongo to second
Runner from 3rd tries for Home, SAFE, throw by LF to home
Batting: RHB Fortunato Rasquinha 0-0: Ball
1-0: Foul Ball, location: 2F
1-1: Foul Ball, location: 2F
1-2: Ball
2-2: 3-RUN HOME RUN (Flyball, 78XD, EV 108.8 MPH), Distance : 393 ft
Pitching: RHP Marvin Sidebottom
Batting: RHB Scott Dourque 0-0: Ball
1-0: Swinging Strike
1-1: Foul Ball, location: 2F
1-2: Strikes out swinging
Batting: RHB James Hemwick 0-0: Foul Ball, location: 2F
0-1: Ball
1-1: SINGLE (Groundball, 56S, EV 67.5 MPH) (infield hit)
Batting: RHB Karel van Capelle 0-0: Called Strike
0-1: Swinging Strike
0-2: Fielders Choice at 2nd, 6-4 (Groundball, 6, EV 91.9 MPH)
Top of the 8th over - 4 runs, 4 hits, 1 error, 1 left on base; Athletic Club KC 6 - Panama City 9
BOTTOM OF THE 8TH
Panama City Piranhas batting - Pitching for Athletic Club KC : RHP Ray McKendrick
Pitching: RHP Butch Cummings
Now in LF: Cornelio Japón
Batting: RHB Blaze Alexander 0-0: Called Strike
0-1: Ball
1-1: Swinging Strike
1-2: Ball
2-2: Foul Ball, location: 2F
2-2: Ball
3-2: Foul Ball, location: 2F
3-2: Base on Balls
Batting: RHB Silvian Burger 0-0: Ball
1-0: Ball
2-0: Ball
3-0: Base on Balls
Blaze Alexander to second
Batting: LHB Hugh Hill 0-0: Fly out, F7 (Flyball, 78M, EV 78.1 MPH)
Batting: RHB William Penn 0-0: Called Strike
0-1: Ball
1-1: Swinging Strike
1-2: Foul Ball, location: 2F
1-2: Ball
2-2: Ball
3-2: Strikes out swinging
Batting: RHB Carsello Scruggins 0-0: Ball
1-0: Ball
2-0: Called Strike
2-1: Foul Ball, location: 2F
2-2: Foul Ball, location: 2F
2-2: Strikes out looking
Bottom of the 8th over - 0 runs, 0 hits, 0 errors, 2 left on base; Athletic Club KC 6 - Panama City 9
TOP OF THE 9TH
Athletic Club KC batting - Pitching for Panama City Piranhas : RHP Marvin Sidebottom
Batting: SHB Mike Ríos 0-0: Called Strike
0-1: Ball
1-1: Ground out 3-1 (Groundball, 3D, EV 89.4 MPH)
Batting: RHB Cornelio Japón 0-0: Ball
1-0: Fly out, F8 (Flyball, 8RXD, EV 107.5 MPH)
Batting: RHB Jimbob Ghostkeeper 0-0: Ball
1-0: Called Strike
1-1: Swinging Strike
1-2: Strikes out swinging
Top of the 9th over - 0 runs, 0 hits, 0 errors, 0 left on base; Athletic Club KC 6 - Panama City 9
Friday, March 26th, 2021 - OOTP Baseball 20.8 Build 74